 Dungeon Crawl Stone Soup version 0.24.0-123-gd5b16e6ec5 (webtiles) character file.

Game seed: 9336262637806833816, levelgen mode: deterministic

19552 Johnny the Geomancer (level 12, -8/81 HPs)
             Began as a Demigod Earth Elementalist on Jan 30, 2020.
             Killed from afar by a hell hound (21 damage)
             ... with a blast of flame
             ... in a Gauntlet.
             The game lasted 00:23:41 (12262 turns).

Johnny the Geomancer (Demigod Earth Elementalist)  Turns: 12262, Time: 00:23:41

Health: -8/81      AC: 14    Str: 11    XL:     12   Next: 10%
Magic:  9/40       EV: 11    Int: 27    God:
Gold:   688        SH: 11    Dex: 16    Spells: 19/32 levels left

rFire    . . .     SeeInvis .   A - staff of wizardry
rCold    . . .     Gourm    .   K - +0 shield
rNeg     . . .     Faith    .   a - +4 troll leather armour
rPois    .         Spirit   .   e - +2 helmet
rElec    .         Reflect  .   (no cloak)
rCorr    .         Harm     .   (no gloves)
MR       +....     NoTele   +   I - +0 pair of boots
Stlth    ++........             (no amulet)
HPRegen  0.63/turn              v - +2 ring of protection
MPRegen  0.27/turn              q - ring of magical power

@: very slightly contaminated, invisible
A: high mp 1
a: no special abilities


You were in a Gauntlet.
You were hungry.

You visited 1 branch of the dungeon, and saw 12 of its levels.
You also visited: Sewer and Gauntlet.

You collected 688 gold pieces.

Inventory:

Missiles
 b - 56 stones (quivered)
Armour
 a - a +4 troll leather armour (worn)
 e - a +2 helmet (worn)
 n - a +1 robe of fire resistance
 s - a +0 robe of magic resistance
 I - a +0 pair of boots (worn)
 K - a +0 shield (worn)
Magical Staves
 A - an uncursed staff of wizardry (weapon)
Jewellery
 f - an uncursed ring of resist corrosion
 h - an uncursed ring of ice
 q - a ring of magical power (right hand)
 v - a +2 ring of protection (left hand)
Wands
 g - a wand of digging (4)
 x - a wand of random effects (12)
 y - a wand of acid (2)
 G - a wand of iceblast (4)
Scrolls
 k - 2 scrolls of remove curse
 m - 6 scrolls of teleportation
 p - 2 scrolls of random uselessness
 t - a scroll of fear
 u - a scroll of summoning
 B - 2 scrolls of fog
 F - a scroll of vulnerability
Potions
 c - 2 potions of magic
 i - a potion of lignification
 l - a potion of agility
 o - 5 potions of brilliance
 z - 7 potions of flight
 C - 3 potions of might {unknown}
 D - 2 potions of mutation {unknown}
 E - a potion of curing
 H - 3 potions of haste {unknown}
Comestibles
 d - 22 rations
 j - 6 chunks of flesh


   Skills:
 - Level 1.7 Dodging
 - Level 1.7 Stealth
 + Level 10.0 Shields
 + Level 10.6 Spellcasting
 - Level 0.8 Transmutations
 + Level 11.7 Earth Magic


You had 19 spell levels left.
You knew the following spells:

 Your Spells              Type           Power        Failure   Level  Hunger
a - Sandblast             Erth           ######       1%          1    None
b - Stone Arrow           Conj/Erth      #####.       1%          3    None
c - Lee's Rapid Deconstr  Erth           ######....   1%          5    ###....
d - Petrify               Tmut/Erth      #####...     3%          4    None

Your spell library contained the following spells:

 Spells                   Type           Power        Failure   Level  Hunger
 Passwall                 Tmut/Erth      #####...     1%          2    None
 Corpse Rot               Necr           N/A          6%          2    None
 Sublimation of Blood     Necr           ##........   6%          2    None
 Agony                    Necr           ##......     71%         5    ###....
 Bolt of Draining         Conj/Necr      ##........   71%         5    ###....
 Dispel Undead            Necr           ##......     71%         5    ###....
 Excruciating Wounds      Chrm/Necr      ##........   71%         5    ###....


Dungeon Overview and Level Annotations

Branches:
Dungeon (12/15)            Temple (0/1) D:6            Lair (0/6) D:8
    Orc (0/2) D:9           Sewer (visited)         Gauntlet (1/1)

Shops:
D:4 :   D:6 (

Annotations:
D:12 Sonja Gauntlet 7 transporters, 2 runed translucent doors


Innate Abilities, Weirdness & Mutations

You have an increased reservoir of magic. (+10% MP)


Message History

You are engulfed in blazing flames.
* * * LOW HITPOINT WARNING * * *
The hell hound bites you.
* * * LOW HITPOINT WARNING * * *
Unknown command.
You feel better.
The hell hound bites you but does no damage.
The fire crab breathes flames at you.
The blast of flame engulfs the hell hound but does no damage.
You block the hell hound's attack.
Unknown command.
Unknown command.
Unknown command.
Okay, then.
You fade into invisibility!
You block the hell hound's attack. x2
The hell hound bites you but does no damage.
The hell hound breathes flames at you. The blast of flame hits you!!
You die...

##...........∩..........
#≈..#########..#########
##..#.:[©.?.#..#..".©=(.
#§..#.#####.#..#..#...#.
##..#.#≈≈≈#.#..#.#######
#≈..#.#.©.#.#..##..#.#..
##..#t'...+.#..#....©..°
#≈..#h#####.#..##..#.#..
##..#..@....#..#.##...##
#§§.#########..#..#...#.
##§....#©#.....#...#.#.R
#§.....#©#.....#########
##..#########......#©#..
#≈..#..÷#.#©#......#©#..
##..#.#.#..##..#########
#≈..#.#.#...#..#...)©.=.
##..#.#.©####..#.^##.##^


You could see a hell hound.

Vanquished Creatures
  Harold (D:8)
  A centaur warrior (D:9)
  2 hydras (D:11)
  An unseen horror (D:10)
  A flayed ghost (D:11)
  A wizard (Gauntlet)
  Pikel (D:8)
  A deep elf mage (D:10)
  An ugly thing (D:11)
  3 orc warriors
  Joseph (D:8)
  A centaur zombie (D:11)
  2 gargoyles (D:12)
  2 trolls
  2 hornets
  4 slime creatures (D:12)
  5 hippogriffs
  A raiju (Gauntlet)
  A shadow (D:11)
  4 wraiths (D:11)
  3 wyverns
  6 fire bats
  5 yaks
  A hungry ghost (D:9)
  A steam dragon (Gauntlet)
  Menkaure (D:5)
  2 hell hounds (Gauntlet)
  3 porcupines (D:8)
  4 black bears
  2 ice beasts
  2 sky beasts
  A slave (D:9)
  2 phantoms
  A necrophage (D:10)
  9 ogres
  3 crocodiles
  6 centaurs
  3 big kobolds
  Blork the orc (D:4)
  8 bullfrogs
  5 scorpions
  9 killer bees
  A howler monkey (D:7)
  A crimson imp (D:10)
  2 hounds
  A bullfrog zombie (D:5)
  3 jellies
  2 bullfrog skeletons
  3 centaur skeletons
  7 orc priests
  7 iguanas
  5 orc wizards
  Jessica (D:3)
  7 worker ants
  8 ogre zombies (D:9)
  A hound skeleton (D:6)
  A worker ant zombie (D:7)
  Robin (D:3)
  20 adders
  4 river rats (Sewer)
  3 shadow imps
  2 oozes
  2 adder zombies (D:9)
  3 adder skeletons
  4 worms
  2 dart slugs
  A leopard gecko (D:6)
  22 orcs
  8 giant cockroaches
  8 hobgoblins
  13 jackals
  4 quokkas
  A ball python skeleton (D:5)
  18 bats
  7 frilled lizards
  15 goblins
  A goblin skeleton (D:9)
  3 goblin zombies (D:9)
  3 hobgoblin skeletons (D:9)
  3 hobgoblin zombies (D:9)
  A jackal zombie (D:8)
  27 kobolds
  A leopard gecko skeleton (D:7)
  A leopard gecko zombie (D:8)
  2 orc skeletons (D:9)
  13 orc zombies (D:9)
  A quokka skeleton (D:7)
  A quokka zombie (D:5)
  8 rats
367 creatures vanquished.

Vanquished Creatures (collateral kills)
  Sigmund (D:6)
  An orc warrior (D:6)
  A bullfrog (D:6)
  3 orcs (D:6)
6 creatures vanquished.

Vanquished Creatures (others)
  A necrophage (D:6)
  A bullfrog (D:8)
  42 fungi (D:8)
  13 plants (D:8)
  5 toadstools (D:1)
62 creatures vanquished.

Grand Total: 435 creatures vanquished

Notes
Turn   | Place    | Note
-------+----------+-------------------------------------------
     0 | D:1      | Johnny the Demigod Earth Elementalist began the quest for
                  | the Orb.
     0 | D:1      | Reached XP level 1. HP: 14/14 MP: 5/5
   184 | D:1      | Reached skill level 3 in Earth Magic
   479 | D:1      | Reached XP level 2. HP: 20/20 MP: 5/7
  1008 | D:2      | Noticed an ogre
  1010 | D:2      | Noticed Jessica
  1044 | D:3      | Killed Jessica
  1044 | D:3      | Reached XP level 3. HP: 26/26 MP: 0/9
  1060 | D:3      | Killed an ogre
  1060 | D:3      | Reached skill level 4 in Earth Magic
  1060 | D:3      | Reached XP level 4. HP: 33/33 MP: 0/11
  1290 | D:3      | Noticed Robin
  1333 | D:3      | Reached XP level 5. HP: 30/38 MP: 7/13
  1335 | D:3      | Killed Robin
  2762 | D:4      | Found Hefoira's Book Shoppe.
  2816 | D:4      | Found an iron altar of Okawaru.
  2870 | D:4      | Found a hazy altar of Hepliaklqana.
  2870 | D:4      | Found a sparkling altar of Nemelex Xobeh.
  2908 | D:4      | Got a twisted dagger
  2909 | D:4      | Identified the cursed +2 dagger of Vicki {flame, -Tele +Fly
                  | Dex+2} (You found it on level 4 of the Dungeon)
  2972 | D:4      | Reached skill level 5 in Earth Magic
  2972 | D:4      | Reached XP level 6. HP: 31/45 MP: 15/15
  3369 | D:4      | Noticed Blork the orc
  3373 | D:4      | Killed Blork the orc
  3377 | D:4      | Reached XP level 7. HP: 45/50 MP: 17/17
  3619 | D:5      | Entered Level 5 of the Dungeon
  3642 | D:5      | Found an opulent altar of Gozag.
  3662 | D:5      | Learned a level 3 spell: Stone Arrow
  3668 | D:5      | Learned a level 5 spell: Lee's Rapid Deconstruction
  3673 | D:5      | Learned a level 4 spell: Petrify
  3723 | D:5      | Found a bloodstained altar of Trog.
  3816 | D:5      | Noticed Menkaure
  3822 | D:5      | Killed Menkaure
  3822 | D:5      | Reached skill level 5 in Spellcasting
  3822 | D:5      | Reached skill level 6 in Earth Magic
  4039 | D:5      | You fall into a shaft and drop 1 floor!
  4065 | D:6      | Reached skill level 1 in Shields
  4106 | D:6      | Noticed Sigmund
  4221 | D:6      | Killed Sigmund
  4259 | D:6      | Killed an orc warrior
  4259 | D:6      | Reached skill level 7 in Earth Magic
  4259 | D:6      | Reached XP level 8. HP: 23/57 MP: 4/20
  4366 | D:6      | Found a glowing drain.
  4377 | Sewer    | Entered a sewer
  5006 | D:6      | Found an opulent altar of Gozag.
  5157 | D:6      | Found Ureit's Antique Weapon Shoppe.
  5185 | D:6      | Found a staircase to the Ecumenical Temple.
  5678 | D:7      | Reached XP level 9. HP: 61/62 MP: 15/23
  5908 | D:7      | Reached skill level 8 in Earth Magic
  6019 | D:7      | Reached skill level 5 in Shields
  6399 | D:8      | Noticed Harold
  6411 | D:8      | Killed Harold
  6590 | D:8      | Noticed Joseph
  6781 | D:8      | Killed Joseph
  6784 | D:8      | Noticed Pikel
  6789 | D:8      | HP: 2/62 [wyvern (17)]
  6797 | D:8      | Reached skill level 9 in Earth Magic
  6987 | D:9      | Reached XP level 10. HP: 32/69 MP: 20/26
  7437 | D:8      | Killed Pikel
  7583 | D:8      | Found a staircase to the Lair.
  7946 | D:9      | Reached skill level 10 in Earth Magic
  8251 | D:9      | Found a staircase to the Orcish Mines.
  8503 | D:9      | Noticed a centaur warrior
  8514 | D:9      | Killed a centaur warrior
  8514 | D:9      | Reached XP level 11. HP: 24/74 MP: 15/28
  9029 | D:10     | Entered Level 10 of the Dungeon
  9051 | D:10     | Found a stormy altar of Qazlal.
  9153 | D:10     | Killed an unseen horror
  9347 | D:10     | Noticed a deep elf mage
  9354 | D:10     | Killed a deep elf mage
  9760 | D:11     | Found a runed translucent door.
  9981 | D:11     | Noticed a four-headed hydra
  9989 | D:11     | Killed a four-headed hydra
 10260 | D:11     | Noticed a five-headed hydra
 10269 | D:11     | Killed a five-headed hydra
 10269 | D:11     | Reached skill level 10 in Spellcasting
 10269 | D:11     | Reached skill level 11 in Earth Magic
 10867 | D:11     | Found a blossoming altar of Fedhas.
 10873 | D:11     | Noticed a flayed ghost
 11103 | D:11     | Found an ornate altar of the Wu Jian Council.
 11113 | D:11     | Found a basalt altar of Yredelemnul.
 11120 | D:11     | Found a shimmering altar of Xom.
 11221 | D:11     | Found an ornate altar of the Wu Jian Council.
 11240 | D:11     | Found a shimmering altar of Xom.
 11496 | D:11     | Killed a flayed ghost
 11935 | D:12     | Found a gate leading to a gauntlet.
 11937 | D:12     | Noticed Sonja
 11939 | Gauntlet | Entered a Gauntlet
 11939 | Gauntlet | Found a transporter.
 11939 | Gauntlet | Found a transporter.
 11939 | Gauntlet | Found a runed translucent door.
 11939 | Gauntlet | Found a transporter.
 11939 | Gauntlet | Found a runed translucent door.
 11939 | Gauntlet | Noticed a wizard
 11940 | Gauntlet | Found a transporter.
 11941 | Gauntlet | Found a transporter.
 11944 | Gauntlet | Found a transporter.
 11952 | Gauntlet | Found a transporter.
 11953 | Gauntlet | Found a transporter.
 11954 | Gauntlet | Found a transporter.
 11956 | Gauntlet | Found a transporter.
 11959 | Gauntlet | Found a runed translucent door.
 11959 | Gauntlet | Found a runed translucent door.
 11962 | Gauntlet | Noticed a fire crab
 11963 | Gauntlet | Found a transporter.
 11967 | Gauntlet | Found a transporter.
 12134 | Gauntlet | Killed a wizard
 12134 | Gauntlet | Reached XP level 12. HP: 81/81 MP: 30/31
 12249 | Gauntlet | Reached skill level 10 in Shields
 12257 | Gauntlet | HP: 4/81 [fire crab] (19)]
 12262 | Gauntlet | Killed from afar by a hell hound

Levels and vault maps discovered:
D:1:      ldierk_walled_garden, layout_basic, st_stairs_3, minmay_pentomino_u2
D:2:      layout_rooms, uniq_jessica
D:3:      layout_basic, uniq_robin
D:4:      layout_gridville, gammafunk_temple_overflow_wave, serial_shops,
          kennysheep_little_box, kennysheep_okawaru_gauntlet, uniq_blork_the_orc
D:5:      layout_basic, old_standard_altar, old_standard_altar, first_ration,
          minivault_23, uniq_menkaure
D:6:      layout_cave_pools, temple_hall, portal_sewer_entry_d, serial_shops,
          nicolae_shop_trees, grunt_gozag_statues, uniq_sigmund
D:7:      layout_rooms
D:8:      layout_gridville, due_lair_maze_entry_diamond, uniq_harold,
          uniq_joseph, uniq_pikel
D:9:      layout_stronghold, zombieorc2_lemuel
D:10:     layout_rooms, basic_altar, hangedman_stone_soup
D:11:     due_megacathedral, layout_layer_cave
D:12:     cheibrodos_statue_roulette, layout_loops_ring, gauntlet_entry_generic,
          feat_on_display, uniq_sonja
Gauntlet: minmay_gauntlet_mixed_big_or_small [gammafunk_gauntlet_arena_spirals,
          minmay_gauntlet_arena_77_cramped,
          gammafunk_gauntlet_arena_split_diamond,
          minmay_gauntlet_arena_77_radiant_squares,
          gammafunk_gauntlet_arena_chambers,
          minmay_gauntlet_arena_77_shame_cube, gauntlet_exit_hidden_loot]

Skill      XL: |  1  2  3  4  5  6  7  8  9 10 11 12 |
---------------+-------------------------------------+-----
Spellcasting   | 2 3 4 6 8 9 10 | 10.6
Earth Magic    | 3 4 5 7 9 10 11 | 11.7
Shields        | 2 4 6 8 9 10 | 10.0
Dodging        | |  1.7
Stealth        | |  1.7
Transmutations | |  0.8

Action                   |  1- 3 |  4- 6 |  7- 9 | 10-12 || total
-------------------------+-------+-------+-------+-------++-------
Melee: Unarmed           |    14 |       |       |       ||    14
       Mace              |    16 |    89 |       |       ||   105
       Quarterstaff      |       |     8 |    26 |       ||    34
       Staff             |       |       |    71 |    33 ||   104
Throw: Stone             |       |       |     2 |       ||     2
 Cast: Sandblast         |    29 |    77 |   120 |    83 ||   309
       Lee's Rapid Decon |       |       |    28 |    82 ||   110
       Stone Arrow       |       |       |    10 |    97 ||   107
       Petrify           |       |       |     3 |     6 ||     9
Evoke: Wand              |       |       |    17 |    43 ||    60
  Use: Scroll            |     2 |     8 |     2 |    12 ||    24
       Potion            |     2 |     1 |     7 |     3 ||    13
 Stab: Sleeping          |     2 |     6 |     2 |       ||    10
  Eat: Chunk             |       |     8 |    13 |    17 ||    38
       Ration            |       |       |     2 |     3 ||     5
Armor: Robe              |    18 |    67 |    37 |     8 ||   130
       Skin              |       |       |     2 |       ||     2
       Troll leather arm |       |       |       |    50 ||    50
Dodge: Dodged            |    51 |   130 |   102 |    72 ||   355
Block: Buckler           |       |       |    32 |       ||    32
       Shield            |       |       |    21 |    81 ||   102
